 Dungeon Crawl Stone Soup version 0.30.2 (webtiles) character file.

Game seed: 6277690930572723679

2855 Ashen the Ogre Mage (level 9, -2/89 HPs)
             Began as an Ogre Ice Elementalist on Jan 24, 2024.
             Was a Follower of Vehumet.
             Slain by a wraith (3 damage)
             ... on level 7 of the Dungeon.
             The game lasted 00:17:21 (7084 turns).

Ashen the Ogre Mage (Ogre Ice Elementalist)         Turns: 7084, Time: 00:17:22

Health: -2/89      AC: 13    Str: 14    XL:     9   Next: 75%
Magic:  28/29      EV: 10    Int: 20    God:    Vehumet [*.....]
Gold:   562        SH:  0    Dex:  9    Spells: 12/23 levels left

rFire   + . .        a - +0 giant spiked club
rCold   + + .        (shield currently unavailable)
rNeg    . . .        w - +2 robe {rC+ rF+}
rPois   .            (helmet restricted)
rElec   .            z - +0 cloak {Stlth+}
rCorr   .            (gloves unavailable)
SInv    .            (boots unavailable)
Will    .....        (no amulet)
Stlth   +++          x - ring of magical power
HPRegen 0.34/turn    c - ring of protection from cold
MPRegen 0.21/turn

%: no passive effects
@: ice-armoured, slowed, very slow
A: large, unfitting armour, tough skin 1
a: Renounce Religion


You were on level 7 of the Dungeon.
You worshipped Vehumet.
Vehumet was aware of your devotion.
You visited 2 branches of the dungeon, and saw 8 of its levels.

You collected 562 gold pieces.

Inventory:

Hand Weapons
 a - a +0 giant spiked club (weapon)
Armour
 w - a +2 robe of resistance (worn)
 z - a +0 cloak of stealth (worn)
Jewellery
 c - a ring of protection from cold (right hand)
 q - the ring "Usecyant" {Fire rElec rN+ Int+4}
   (You found it on level 7 of the Dungeon)

   [ring of fire]

   It enhances your fire magic.
   Int:       It affects your intelligence (+4).
   rF:        It protects you from fire.
   rC:        It makes you vulnerable to cold.
   rElec:     It insulates you from electricity.
   rN:        It protects you from negative energy.
 x - a ring of magical power (left hand)
Scrolls
 d - 4 scrolls of identify {unknown}
 e - 4 scrolls of noise {unknown}
 h - a scroll of enchant armour {unknown}
 i - 3 scrolls of fear {unknown}
 j - 2 scrolls of torment {unknown}
 k - 4 scrolls of teleportation {unknown}
 o - a scroll of fog {unknown}
 r - a scroll of amnesia {unknown}
 s - a scroll of poison {unknown}
 t - 3 scrolls of magic mapping {unknown}
 y - 2 scrolls of blinking {unknown}
 A - a scroll of enchant weapon {unknown}
Potions
 b - a potion of magic
 f - 2 potions of flight {unknown}
 g - a potion of might {unknown}
 l - a potion of mutation {unknown}
 m - 3 potions of cancellation {unknown}
 n - 3 potions of heal wounds {unknown}
 p - 3 potions of curing {unknown}
 u - a potion of brilliance {unknown}
 v - a potion of berserk rage {unknown}


   Skills:
 + Level 5.9 Fighting
 + Level 4.0 Maces & Flails
 + Level 4.7 Dodging
 - Level 3.0 Stealth
 * Level 7.9 Spellcasting
 * Level 7.3 Ice Magic


You had 12 spell levels left.
You knew the following spells:

 Your Spells              Type           Power      Damage    Failure   Level
a - Freeze                Ice            100%       1d10      1%          1
b - Frozen Ramparts       Ice            74%        1d12      1%          3
c - Ozocubu's Armour      Ice            37%        N/A       1%          3
d - Summon Ice Beast      Ice/Summ       22%        N/A       19%         4

Your spell library contained the following spells:

 Spells                   Type           Power      Damage    Failure   Level
 Shock                    Conj/Air       28%        1d4       9%          1
 Momentum Strike          Conj/Tloc      14%        3d8       13%         2
 Volatile Blastmotes      Fire/Tloc      14%        2d11      26%         3
 Cause Fear               Hex            3%         N/A       65%         4
 Fulminant Prism          Conj/Hex       3%         3d5       65%         4
 Iskenderun's Mystic Bla  Conj/Tloc      7%         2d4       65%         4
 Summon Lightning Spire   Summ/Air       7%         N/A       65%         4
 Arcjolt                  Conj/Air       3%         1d13      94%         5
 Borgnjor's Vile Clutch   Necr/Erth      3%         N/A       94%         5
 Lee's Rapid Deconstruct  Erth           3%         3d5*      94%         5
 Dragon Form              Tmut           3%         N/A       100%        7
 Storm Form               Tmut/Air       3%         N/A       100%        7
 Maxwell's Capacitive Co  Air            3%         ∞         100%        8
 Dragon's Call            Summ           3%         N/A       100%        9


Dungeon Overview and Level Annotations

Branches:
Dungeon (7/15)             Temple (1/1) D:5

Altars:
Ashenzari
Cheibriados
Dithmenos
Elyvilon
Fedhas
Gozag
Hepliaklqana
Kikubaaqudgha
Makhleb
Nemelex Xobeh
Okawaru
Qazlal
Ru
Sif Muna
Trog
Uskayaw
Vehumet
Wu Jian
Xom
Yredelemnul
Zin
The Shining One

Shops:
D:1 [

Annotations:
D:3 1 exclusion


Innate Abilities, Weirdness & Mutations

You are too large for most types of armour.
You have tough skin. (AC +1)


Message History

You barely miss the wraith.
The wraith is almost destroyed.
The wraith barely misses you. The wraith closely misses you.
The wraith barely misses you. x2
Unknown command.
You puncture the wraith!
You destroy the wraith!
Vehumet accepts your kill.
You feel your power returning. The wraith hits you!
The wraith hits you but does no damage. The wraith closely misses you.
Your Maces & Flails skill increases to level 4!
You bludgeon the wraith!!
The wraith is almost destroyed.
The wraith hits you.
* * * LOW HITPOINT WARNING * * *
The wraith drains your vigour!
You feel as though you will be slow longer.
The wraith misses you.
You barely miss the wraith.
The wraith is almost destroyed.
A water moccasin comes into view.
The water moccasin bites you but does no damage.
The wraith hits you!
* * * LOW HITPOINT WARNING * * *
The water moccasin closely misses you. The wraith hits you.
* * * LOW HITPOINT WARNING * * *
The water moccasin bites you but does no damage.
Casting: Frozen Ramparts (safe; 1% risk of failure)
Confirm with . or Enter, or press ? or * to list all spells.
Aiming: Freeze (safe; 1% risk of failure)
Press: ? - help, Shift-Dir - straight line, f - water moccasin
Aim: a water moccasin You freeze the water moccasin!
The water moccasin is moderately wounded.
The wraith hits you!
* * * LOW HITPOINT WARNING * * *
The water moccasin bites you.
* * * LOW HITPOINT WARNING * * *
The wraith hits you.
You die...

....#.#
#.......####..######..
.#..#.# #########
##...##.... .#..#..
##########...#....
<...#
.............#...(
##..#
###.#####.###..#....
....# #..##.#
##.##..#.... ##.##
#.#..####.#.#..#....
...#
#W..#.##.##........
#... #.@#.#.#.
##......† #.#..
#.##S.##.## #.......
(.#...
###.#####.###......9 ##
.... #..
#))...##.#.##...###. #
....#
#..#.)..##.#.#.#.......
#...W#...#.#.#...####.
####....#.#.#.#..####.
#...}.##.#.##....##.
###.#####.###.##.###


You could see a wraith and a water moccasin.

Vanquished Creatures
  A yak (D:7)
  A wraith (D:7)
  A steam dragon (D:7)
  An acid dragon (D:6)
  2 water moccasins (D:7)
  An orc warrior (D:6)
  3 ice beasts
  2 black bears
  A sky beast (D:7)
  An ogre (D:5)
  A centaur (D:5)
  A bullfrog (D:7)
  6 scorpions
  4 wights (D:7)
  Crazy Yiuf (D:6)
  A gnoll bouda (D:6)
  2 hounds
  2 jellies (D:5)
  3 iguanas (D:4)
  10 orc wizards
  5 gnolls (D:6)
  2 adders
  A shadow imp (D:6)
  3 worms
  4 dart slugs
  24 orcs
  A giant cockroach (D:2)
  5 goblins
  7 hobgoblins
  7 jackals
  7 kobolds
  4 quokkas
  3 ball pythons
  2 bats (D:1)
  2 frilled lizards (D:2)
  6 rats
128 creatures vanquished.

Notes
Turn   | Place    | Note
-------+----------+-------------------------------------------
     0 | D:1      | Ashen the Ogre Ice Elementalist began the quest for the
                  | Orb.
     0 | D:1      | Reached XP level 1. HP: 16/16 MP: 3/3
   191 | D:1      | Found Ofaf's Antique Armour Boutique.
   203 | D:1      | Reached XP level 2. HP: 24/24 MP: 3/5
   887 | D:2      | Reached XP level 3. HP: 25/31 MP: 1/7
   961 | D:2      | You fall into a shaft and drop 2 floors!
   989 | D:4      | Noticed a scorpion
  1187 | D:2      | Reached XP level 4. HP: 40/40 MP: 4/8
  1763 | D:3      | Reached skill level 1 in Fighting
  2168 | D:3      | Found a shimmering blue altar of Sif Muna.
  2288 | D:4      | Reached XP level 5. HP: 43/48 MP: 3/10
  2292 | D:4      | Reached skill level 1 in Maces & Flails
  2309 | D:4      | Learned a level 3 spell: Frozen Ramparts
  2313 | D:4      | Learned a level 3 spell: Ozocubu's Armour
  2318 | D:4      | Learned a level 4 spell: Summon Ice Beast
  2711 | D:4      | Found a broken altar of Ashenzari.
  2764 | D:4      | Reached XP level 6. HP: 54/57 MP: 7/11
  3536 | D:5      | Entered Level 5 of the Dungeon
  3579 | D:5      | Identified the +1 robe "Iplur" {Harm Fly MP-9 Dex+8}
  3813 | D:5      | Reached skill level 5 in Ice Magic
  3813 | D:5      | Reached XP level 7. HP: 28/66 MP: 0/13
  4248 | D:5      | Reached skill level 5 in Spellcasting
  4395 | D:5      | Found a staircase to the Ecumenical Temple.
  4413 | Temple   | Entered the Ecumenical Temple
  4439 | Temple   | Became a worshipper of Vehumet
  4658 | D:5      | Reached XP level 8. HP: 50/75 MP: 14/16
  5217 | D:6      | Found a runed translucent door.
  5218 | D:6      | Noticed Crazy Yiuf
  5344 | D:6      | Killed Crazy Yiuf
  6018 | D:7      | Reached XP level 9. HP: 81/85 MP: 19/19
  6120 | D:7      | Reached skill level 5 in Fighting
  6263 | D:7      | Reached * piety under Vehumet
  6263 | D:7      | Offered knowledge of Shock by Vehumet.
  6551 | D:7      | Noticed a cyclops
  6554 | D:7      | Noticed a gargoyle
  7050 | D:7      | Identified the ring "Usecyant" {Fire rElec rN+ Int+4}
  7053 | D:7      | Got the Catalogue of the Prime Xenolith
  7058 | D:7      | Identified the +0 mace "Ogreslayer" {venom, *Rage rCorr
                  | Int+5 Dex+4}
  7059 | D:7      | Identified the +1 falchion "Luiviwni" {pain, rElec Str+3
                  | Int+5 Stlth-}
  7084 | D:7      | HP: 2/89 [wraith (9)]
  7084 | D:7      | Slain by a wraith

Illustrated notes

Levels and vault maps discovered:
D:1:      scummos_arrival_hexagon, layout_basic, serial_shops, shop
D:2:      layout_rooms, kennysheep_big_empty_room, dreamdust_princess_corridor,
          guppyfry_early_lair_pool
D:3:      layout_rooms, nicolae_sif_muna_little_library, dreamdust_wishing_well,
          minmay_box_of_dots
D:4:      layout_basic, mainiacjoe_overflow_small_starburst
D:5:      layout_basic, minmay_temple_entry_gardened_gates
D:6:      layout_rooms, uniq_crazy_yiuf_cottage
D:7:      minmay_the_grid_square_5x5_3x3
          [minmay_the_grid_square_5x5_spiral_small,
          minmay_the_grid_square_5x5_checkered,
          minmay_the_grid_square_5x5_almost_minimal,
          minmay_the_grid_square_5x5_inner_z,
          minmay_the_grid_square_5x5_megaprize_crossed,
          minmay_the_grid_square_5x5_gyroscope,
          minmay_the_grid_square_5x5_bracketed,
          minmay_the_grid_square_5x5_inverted_slash,
          minmay_the_grid_square_5x5_three_walls], layout_basic, fountainhead,
          reono_crystal_passage
Temple:   nicolae_temple_bog_church

Skill      XL: |  1  2  3  4  5  6  7  8  9 |
---------------+----------------------------+-----
Dodging        | 2 3 4 |  4.7
Spellcasting   | 3 4 5 6 7 |  7.9
Ice Magic      | 4 5 6 7 |  7.3
Fighting       | 1 2 3 4 5 |  5.9
Stealth        | 2 3 |  3.0
Maces & Flails | 1 2 3 4 |  4.0

Action                     |  1- 3 |  4- 6 |  7- 9 || total
---------------------------+-------+-------+-------++-------
  Melee: Unarmed           |    46 |       |       ||    46
         Whip              |     6 |    19 |     2 ||    27
         Giant spiked club |       |       |   172 ||   172
   Cast: Freeze            |    47 |    90 |    39 ||   176
         Frozen Ramparts   |       |     2 |    14 ||    16
         Ozocubu's Armour  |       |       |    17 ||    17
  Evoke: Wand              |       |       |     2 ||     2
   Stab: Sleeping          |       |     1 |     2 ||     3
 Armour: Robe              |    21 |    33 |   131 ||   185
  Dodge: Dodged            |    49 |    52 |   162 ||   263
